 Dungeon Crawl Stone Soup version 0.30.1-11-g7821555f0a (webtiles) character file.

Game seed: 15759162799751698840

2384 Scypho the Basher (level 9, -9/70 HPs)
             Began as a Minotaur Fighter on Dec 1, 2023.
             Was a Believer of Makhleb.
             Mangled by a hornet (11 damage)
             ... while paralysed by a hornet
             ... on level 7 of the Dungeon.
             The game lasted 00:20:55 (5468 turns).

Scypho the Basher (Minotaur Fighter)                Turns: 5468, Time: 00:20:56

Health: -9/70      AC:  8    Str: 22    XL:     9   Next: 22%
Magic:  0/10       EV:  2    Int:  7    God:    Makhleb [**....]
Gold:   363        SH:  0    Dex: 17    Spells: 8/8 levels left

rFire   . . .        A - +2 flail (heavy)
rCold   . . .        c - +0 buckler
rNeg    . . .        b - +0 scale mail
rPois   .            (helmet restricted)
rElec   .            o - +0 cloak
rCorr   .            (no gloves)
SInv    .            (no boots)
Will    .....        k - amulet of guardian spirit Stlth
                     m - +6 ring of dexterity
HPRegen 0.31/turn    (no ring)
MPRegen 0.12/turn

%: guardian spirit
@: paralysed, lethally poisoned (-9 -> -21), slowed
A: horns 2, retaliatory headbutt
a: Renounce Religion, Minor Destruction


You were on level 7 of the Dungeon.
You worshipped Makhleb.
Makhleb was pleased with you.
You visited 1 branch of the dungeon, and saw 7 of its levels.
You also visited: Sewer.

You collected 363 gold pieces.

Inventory:

Hand Weapons
 A - a +2 heavy flail (weapon)
Armour
 b - a +0 scale mail (worn)
 c - a +0 buckler (worn)
 o - a +0 cloak (worn)
Jewellery
 k - an amulet of guardian spirit (around neck)
 m - a +6 ring of dexterity (left hand)
Wands
 v - a wand of flame (19)
 y - a wand of paralysis (8)
Scrolls
 a - a scroll of fear {unknown}
 e - a scroll of silence {unknown}
 g - a scroll of fog {unknown}
 l - a scroll of amnesia {unknown}
 n - 2 scrolls of poison {unknown}
 r - a scroll of blinking
 t - a scroll of summoning {unknown}
 u - a scroll of noise {unknown}
 x - a scroll of enchant weapon {unknown}
 z - a scroll of magic mapping
Potions
 d - a potion of might
 h - a potion of heal wounds
 j - 2 potions of invisibility {unknown}
 p - a potion of attraction {unknown}
 q - a potion of haste {unknown}
 s - a potion of cancellation {unknown}


   Skills:
 - Level 3.6 Fighting
 - Level 14.0 Maces & Flails
 - Level 3.6 Armour
 - Level 3.6 Shields
 + Level 3.8 Invocations


You had 8 spell levels left.
You didn't know any spells.
Your spell library contained the following spells:

 Spells                   Type           Power      Damage    Failure   Level
 Apportation              Tloc           0%         N/A       83%         1
 Blink                    Tloc           0%         N/A       92%         2
 Ensorcelled Hibernation  Hex/Ice        0%         N/A       92%         2
 Passwall                 Tmut/Erth      0%         N/A       92%         2
 Swiftness                Air            0%         N/A       99%         3
 Manifold Assault         Tloc           0%         N/A       100%        4
 Alistair's Intoxication  Tmut/Pois      0%         N/A       100%        5
 Storm Form               Tmut/Air       0%         N/A       100%        7


Dungeon Overview and Level Annotations

Branches:
Dungeon (7/15)              Sewer (visited)
 Temple: D:4-7

Altars:
Makhleb
Nemelex Xobeh
Qazlal
Trog

Shops:
D:1 (   D:2 :

Annotations:
D:7 Prince Ribbit


Innate Abilities, Weirdness & Mutations

You have a pair of horns on your head.
You reflexively headbutt those who attack you in melee.


Message History

You sock the hornet! Your headbutt misses the hornet.
You block the hornet's attack. The hornet stings you!
* * * LOW HITPOINT WARNING * * *
You feel as though you will be slow longer.
The hornet stings you.
* * * LOW HITPOINT WARNING * * *
You are poisoned.
You feel as though you will be slow longer.
You feel much better.
You feel very sick.
The hornet stings you but does no damage.
The hornet closely misses you. You furiously retaliate!
You headbutt the hornet, but do no damage.
You miss the hornet. You headbutt the hornet.
You feel sick. The hornet stings you!
* * * LOW HITPOINT WARNING * * *
You feel as though you will be slow longer.
The hornet stings you but does no damage.
You barely miss the hornet. Your headbutt misses the hornet.
You feel sick. The hornet barely misses you. You furiously retaliate!
You headbutt the hornet.
The hornet stings you but does no damage.
The hornet completely misses you.
You miss the hornet. Your headbutt misses the hornet.
You feel sick. You block the hornet's attack. The hornet stings you!
* * * LOW HITPOINT WARNING * * *
You are more poisoned.
You feel as though you will be slow longer.
You closely miss the hornet.
You feel very sick. The hornet stings you.
* * * LOW HITPOINT WARNING * * *
You are lethally poisoned!
You suddenly lose the ability to move!
The hornet stings you!
* * * LOW HITPOINT WARNING * * *
You feel as though you will be slow longer.
The hornet stings you but does no damage.
* * * LOW HITPOINT WARNING * * *
You feel very sick. The hornet stings you!
You die...

#...# ##.# #............#
##..#####..#
#..<.........#
.......##.#
##..........##
..........##
###...##...##
......##...###...########
......####..##.#####
......#####..#(###.#
.......(รท......#...#
.##...#######..#@#
....##########.#y# #
..### ..........#.# ..
^######..##.# # ##.#..##
#.....# ##..##..# #...# #
#..##


You could see a hornet.

Vanquished Creatures
  A hornet (D:7)
  Sigmund (D:2)
  Eustachio (D:4)
  A steam dragon (D:7)
  Edmund (D:6)
  Duvessa (D:6)
  An ice beast (D:6)
  An orc warrior (D:6)
  A black bear (D:7)
  2 ogres
  3 kobold brigands
  3 bullfrogs
  Dowan (D:6)
  3 jellies
  3 hounds
  A sleepcap (D:6)
  Terence (D:3)
  3 iguanas
  8 orc wizards
  Robin (D:3)
  8 adders
  A shadow imp (D:7)
  A white imp (D:5)
  A worm (D:6)
  2 dart slugs (D:4)
  16 orcs
  4 endoplasms
  11 giant cockroaches
  7 hobgoblins
  4 jackals
  10 kobolds
  7 quokkas
  6 ball pythons
  6 bats
  12 frilled lizards
  7 goblins
  2 rats
  A spectral kobold (D:2)
144 creatures vanquished.

Notes
Turn   | Place    | Note
-------+----------+-------------------------------------------
     0 | D:1      | Scypho the Minotaur Fighter began the quest for the Orb.
     0 | D:1      | Reached XP level 1. HP: 19/19 MP: 0/0
    56 | D:1      | Found Jatz's Antique Weapon Boutique.
   128 | D:1      | Reached skill level 3 in Maces & Flails
   299 | D:1      | Reached XP level 2. HP: 26/26 MP: 1/1
   699 | D:2      | Found Togepeuw's Book Shop.
   787 | D:2      | Found a sparkling altar of Nemelex Xobeh.
   794 | D:2      | Reached skill level 4 in Maces & Flails
   817 | D:2      | Noticed Sigmund
   840 | D:2      | Killed Sigmund
   841 | D:2      | Reached skill level 6 in Maces & Flails
   841 | D:2      | Reached XP level 3. HP: 31/31 MP: 2/2
   841 | D:2      | Reached XP level 4. HP: 39/39 MP: 3/3
   841 | D:2      | Reached XP level 5. HP: 45/45 MP: 4/4
   996 | D:2      | Found a faded altar of an unknown god.
  1155 | D:3      | Noticed Terence
  1166 | D:3      | Killed Terence
  1167 | D:3      | Reached skill level 7 in Maces & Flails
  1499 | D:3      | Reached XP level 6. HP: 51/51 MP: 5/5
  1761 | D:3      | Noticed Robin
  1772 | D:3      | Killed Robin
  1993 | D:4      | Found a burning altar of Makhleb.
  2001 | D:4      | Became a worshipper of Makhleb the Destroyer
  2076 | D:4      | Noticed Eustachio
  2108 | D:4      | Killed Eustachio
  2109 | D:4      | Reached skill level 8 in Maces & Flails
  2333 | D:4      | Reached skill level 9 in Maces & Flails
  2420 | D:4      | Reached XP level 7. HP: 54/57 MP: 6/6
  3027 | D:5      | Entered Level 5 of the Dungeon
  3063 | D:5      | Found a bloodstained altar of Trog.
  3063 | D:5      | Found a stormy altar of Qazlal.
  3090 | D:5      | Reached skill level 10 in Maces & Flails
  3983 | D:6      | Reached * piety under Makhleb
  3984 | D:6      | Reached skill level 11 in Maces & Flails
  4020 | D:6      | Noticed Dowan
  4021 | D:6      | Noticed Duvessa
  4031 | D:6      | Killed Duvessa
  4032 | D:6      | Reached XP level 8. HP: 24/64 MP: 3/7
  4034 | D:6      | Killed Dowan
  4162 | D:6      | Reached skill level 12 in Maces & Flails
  4166 | D:6      | Found a glowing drain.
  4180 | Sewer    | Entered a sewer
  4410 | Sewer    | Reached ** piety under Makhleb
  4479 | D:6      | Reached skill level 13 in Maces & Flails
  4870 | D:6      | Noticed Edmund
  4875 | D:6      | Killed Edmund
  5062 | D:7      | Reached skill level 14 in Maces & Flails
  5062 | D:7      | Reached skill level 1 in Invocations
  5062 | D:7      | Reached XP level 9. HP: 70/70 MP: 8/8
  5144 | D:7      | Paralysed by a hornet for 1 turns
  5145 | D:7      | Noticed Prince Ribbit
  5458 | D:7      | Paralysed by a hornet for 3 turns
  5467 | D:7      | Paralysed by a hornet for 2 turns
  5468 | D:7      | HP: 2/70 [poisoned by a hornet]
  5468 | D:7      | Mangled by a hornet

Illustrated notes

Levels and vault maps discovered:
D:1:      onia_arrival_mini_spirals, layout_basic, serial_shops, shop,
          chequers_serial_rivers_micro_e, minivault_26
D:2:      layout_rooms, serial_shops, shop,
          dreamdust_ecumenical_altar_drowned_temple, basic_altar, uniq_sigmund
D:3:      layout_loops_ring, st_stairs_8, minivault_4, uniq_robin, uniq_terence
D:4:      layout_cave_pods, nicolae_overflow_crystal_walls, uniq_eustachio
D:5:      layout_loops_corners, mainiacjoe_overflow_large_starburst
D:6:      layout_loops_ring, cheibrodos_sewer_entry_drain, roderic_lattice_a,
          uniq_edmund, uniq_duvessa
D:7:      layout_rooms, nicolae_gozag_cash_rules_everything_around_me,
          minmay_temple_entry_crystal_x, uniq_prince_ribbit1, uniq_menkaure

Skill      XL: |  1  2  3  4  5  6  7  8  9 |
---------------+----------------------------+-----
Maces & Flails | 3 6 7 9 11 14 | 14.0
Invocations    | 1 3 |  3.8
Fighting       | |  3.6
Armour         | |  3.6
Shields        | |  3.6

Action                     |  1- 3 |  4- 6 |  7- 9 || total
---------------------------+-------+-------+-------++-------
  Melee: Flail             |    41 |   122 |   231 ||   394
         Headbutt          |     4 |    22 |    40 ||    66
    Use: Scroll            |     4 |       |     3 ||     7
         Potion            |     1 |     1 |     4 ||     6
 Armour: Scale mail        |    11 |    42 |    84 ||   137
         Skin              |     3 |     4 |       ||     7
  Dodge: Dodged            |    16 |    35 |    93 ||   144
  Block: Buckler           |     6 |    24 |    46 ||    76
